Description

This is a build order really strange but really really powerful. We start with a lot of defence with bunker marines tanks and mines and a pretty late B2. After you’ve got your second base and a solid difference without too many units, We go on double Starport With banshee clock and the speed of banshees. Don’t forget that during all the game you have to product Marines almost every time. After that banshees pressure, you’re gonna do A lot of battlecruiser and so many command centre and economy and you will try to don’t show them to the opponent (I talk about the battlecruisers). It should be okay because if you do like I tell you to do, you will every time harass him with your Marines, and if he try to attack you, It should be okay because you will have minimum one planetary fortress some tanks and bunkers and mines. It’s normal if you lose a lot of units but it still be super powerful because you harass him with battlecruisers teleportation and the marines , and you have an excellent economy and an excellent production of units so even if you lost all your army will be back really soon after

Build Order

Why is there no SALT encoding or Overwolf build?

  14  0:19  Supply Depot  
  15  0:38  Refinery  
  15  0:44  Barracks  
  18  1:10  Barracks  
  19  1:33  Reaper  you will send it immediatly to scoot the openent and harass him if u can
  20  1:40  Orbital Command  
  20  2:00  Marine  now marines non stop on the two barracks until I tail you to stop it
  23  2:19  Factory  
  23  2:24  Supply Depot  
  23  2:30  Supply Depot x2  
  24  2:46  Hellion, Refinery  as soon as your factory is finished
      Factory Tech Lab  when hellion is finished, stop marines production around here, you should have around 12 marines or maximum 15, depends of if u lost some of them
      Bunker  when you have the money without stop scv production
      Siege Tank  when tech lab finished
      Starport  same time than tank
      Barracks Tech Lab  right after
    5:39  Liberator, Command Center  when you have 400, when satioport finished, and send it directly to harass economy of your opponent
    6:00  Widow Mine  right after started libe
      Combat Shield  when techlkab finished and you havethe money for
      Bunker  when libe go out
      Marine  start again to do marines non stop on both barracks, and dont forget to do supplies!
      Engineering Bay  as soon as u can
      Siege Tank  as soon as uhave the money to get it, without stop producing marines and scv
      Planetary Fortress  as soon as you have the money and engeniring bay finished. If yopu are sure to not be in danger you can do an orbital.
      Liberator  as soon as you can, this one will be for defense (except if you rly want to harass), and you can stop marines production
    8:30  Missile Turret  make some turrets like 2 or 3 to defend harass of ennemies
      Marine  in fact if you lose mùarines or if you think ennemy will attack you you can do more marines
    9:00  Refinery x2  2 refineries on second base
      Starport Tech Lab  to do banshees and BC
    9:30  Siege Tank  just before tech lab of starport finish
      Banshee, Cloaking Field  and stop marines production, for banshees
      Starport  as soon as you have the gaz for do all of this :
      Terran Infantry Weapons Level 1  
      Barracks Tech Lab  
      Siege Tank  as soon as u can
      Command Center  _____
      Starport Tech Lab  _______
    10:41  Banshee  _______
      Hyperflight Rotors  asap
      Marine x2  
      Banshee  non stop until 6 (when u have 4 just send 2 each side of ennemi base
      Starport  the 3 rd one
      Widow Mine x2  non stop until product 3 (so 4 cause you made one at the begining)
      Stimpack  when widow mine is finished
      Marine x2  __________
      Terran Infantry Armor Level 1  ________
      Planetary Fortress  as soon as possible on b3
      Missile Turret x2  1 or 2 immediatly after b3
      Marine  non stop, never
      Viking x5  as soon as 6 banshees have been done, do until 5 vikings
      Fusion Core  asap
      Refinery x2  on b3 asap
      Viking  until have 15
      Battlecruiser  gogogo and yamato and 5 racks non stop marines!!
Spawning Tool Build Advisor. Get it on Overwolf

Go to:

Details

  • Created by: Elundil26
  • Published on: Oct 30, 2020
  • Modified on: Oct 30, 2020
  • Patch: 4.11.0
  • Difficulty: Medium
Show

Export as new Build Order

Comments (0)

There are no comments. Be the first!

Create an account to comment!